 Dungeon Crawl Stone Soup version 0.29.1-15-g9cfb28693d (webtiles) character file.

Game seed: 109174706485593588

322 Jase the Changer (level 6, -14/38 HPs)
             Began as an Octopode Transmuter on Apr 24, 2023.
             Was a Follower of Okawaru.
             Demolished by an ogre
             ... wielding a +0 giant spiked club
              (32 damage)
             ... on level 4 of the Dungeon.
             The game lasted 00:10:08 (5308 turns).

Jase the Changer (Octopode Transmuter)              Turns: 5308, Time: 00:10:09

Health: -14/38     AC:  1    Str:  9    XL:     6   Next: 47%
Magic:  6/9        EV: 16    Int: 17    God:    Okawaru [*.....]
Gold:   216        SH:  0    Dex: 13    Spells: 3/9 levels left

rFire   . . .      SeeInvis .     - Unarmed
rCold   . . .      Faith    .   (no shield)
rNeg    + . .      Spirit   .   (helmet currently unavailable)
rPois   +          Reflect  .   (no amulet)
rElec   .          Harm     .   j - ring of positive energy
rCorr   .          Rampage  .   p - ring of poison resistance
Will    .....                   (no ring)
Stlth   ++++......              (no ring)
HPRegen 0.12/turn               (no ring)
MPRegen 0.11/turn               (no ring)
                                (no ring)
                                (no ring)

@: appendages, heroic
A: tentacle spike 3, almost no armour, amphibious, 8 rings, camouflage 1,
gelatinous body 1, (nimble swimmer 1), tentacles
a: End Transformation, Renounce Religion, Heroism


You were on level 4 of the Dungeon.
You worshipped Okawaru.
Okawaru was aware of your devotion.
One of your tentacles had grown a beastly spike.
You visited 1 branch of the dungeon, and saw 4 of its levels.

You collected 216 gold pieces.

Inventory:

Missiles
 b - 14 stones
 q - 3 poisoned darts
 w - 5 atropa-tipped darts
Jewellery
 j - a ring of positive energy (left tentacle)
 p - a ring of poison resistance (right tentacle)
Wands
 m - a wand of flame (16)
 x - a wand of iceblast (9)
Scrolls
 c - 2 scrolls of fog {unknown}
 d - 4 scrolls of teleportation
 g - 2 scrolls of identify {unknown}
 h - a scroll of blinking {unknown}
 l - a scroll of torment {unknown}
 o - 2 scrolls of amnesia {unknown}
 r - a scroll of poison {unknown}
 v - 2 scrolls of enchant armour {unknown}
Potions
 a - a potion of lignification
 e - 3 potions of attraction {unknown}
 f - 2 potions of curing {unknown}
 i - 2 potions of flight {unknown}
 k - a potion of magic {unknown}
 n - a potion of heal wounds {unknown}
 s - a potion of might {unknown}
 t - a potion of brilliance {unknown}
 u - a potion of haste {unknown}
 z - a potion of resistance {unknown}


   Skills:
 - Level 1.0(6.0) Fighting
 + Level 3.4(8.4) Dodging
 + Level 4.0(9.0) Unarmed Combat
 - Level 2.0 Spellcasting
 * Level 4.4 Transmutations
 + Level 2.1 Poison Magic
 + Level 1.6 Invocations


You had 3 spell levels left.
You knew the following spells:

 Your Spells              Type           Power      Damage    Failure   Level
a - Beastly Appendage     Tmut           32%        N/A       3%          1
b - Wereblood             Tmut           16%        N/A       4%          2
c - Spider Form           Tmut/Pois      13%        N/A       14%         3

Your spell library contained the following spells:

 Spells                   Type           Power      Damage    Failure   Level
 Searing Ray              Conj           2%         2d4       28%         2
 Ice Form                 Ice/Tmut       9%         N/A       61%         4
 Fireball                 Conj/Fire      0%         3d3       99%         5


Dungeon Overview and Level Annotations

Branches:
Dungeon (4/15)
 Temple: D:4-7

Altars:
Okawaru
Xom


Innate Abilities, Weirdness & Mutations

One of your tentacles has grown a beastly spike.
You cannot wear most types of armour.
You are amphibious.
You can wear up to eight rings at the same time.
Your skin changes colour to match your surroundings (Stealth+).
Your rubbery body absorbs attacks. (AC +1, EV +1)
((You are camouflaged when in or above water. (Stealth+)))
You have tentacles for arms and can constrict up to eight enemies at once.


Message History

Things that are here:
a +0 whip; a kobold corpse
Found a glaive.
No target in view!
You see here a +0 glaive.
You see here a +2 vampiric spear.
You see here a +2 vampiric spear.
There is an open door here.
You see here a +0 leather armour.
v - 2 scrolls labelled ZYZ YGESHEJA (gained 1)
You open the door.
There is an open door here.
A ball python comes into view.
The helpless ball python fails to defend itself.
You tentacle-slap the ball python.
You kill the ball python!
Found a stone staircase leading down.
There is a stone staircase leading down here.
You see here a ball python corpse.
An ogre comes into view. It is wielding a +0 giant spiked club.
One of your tentacles grows a vicious spike.
Casting: Beastly Appendage (safe; 3% risk of failure)
Confirm with . or Enter, or press ? or * to list all spells.
Okay, then.
Unknown command.
The ogre shouts!
You tentacle-slap the ogre.
You pierce the ogre, but do no damage.
The ogre is lightly wounded.
The ogre hits you with a +0 giant spiked club!!
Ouch! That really hurt!
You barely miss the ogre.
The ogre is lightly wounded.
The ogre closely misses you.
You tentacle-slap the ogre but do no damage.
You pierce the ogre.
You squeeze the ogre, but do no damage.
The ogre is lightly wounded.
You gain the combat prowess of a mighty hero.
The ogre hits you with a +0 giant spiked club!!
Ouch! That really hurt!
You die...

#.........#.#.#.# #.#
###.#...#.#.#.#.# #.#
###.#...#.# #.#.# #.#
....#...#.# #.#.# #.#
###.....# # #.# #.# #
#.#...# #. #.# ###.#.#.#
#. #.#
........#####.#O######.#
# #.#...........@......#
#.#.#######.##.#######
###.#........ #..
.........###. #...
.........# ##.#.
.........# .#.#
)........# .# #
.........# .# .........#


You could see an ogre.

Vanquished Creatures
  A black bear (D:4)
  A jelly (D:4)
  An iguana (D:4)
  Terence (D:3)
  Robin (D:2)
  6 adders
  2 worms (D:3)
  3 dart slugs
  3 endoplasms
  2 giant cockroaches (D:2)
  14 goblins
  7 hobgoblins
  7 kobolds
  2 quokkas
  4 ball pythons
  6 bats
  9 frilled lizards
  8 rats
78 creatures vanquished.

Vanquished Creatures (others)
  2 fungi (D:2)
2 creatures vanquished.

Grand Total: 80 creatures vanquished

Notes
Turn   | Place    | Note
-------+----------+-------------------------------------------
     0 | D:1      | Jase the Octopode Transmuter began the quest for the Orb.
     0 | D:1      | Reached XP level 1. HP: 13/13 MP: 3/3
   608 | D:1      | Reached XP level 2. HP: 18/18 MP: 3/5
  1415 | D:2      | Reached XP level 3. HP: 23/23 MP: 4/6
  1418 | D:2      | Learned a level 2 spell: Wereblood
  1651 | D:2      | Found a shimmering altar of Xom.
  2018 | D:2      | Reached XP level 4. HP: 25/28 MP: 7/7
  2057 | D:2      | Learned a level 3 spell: Spider Form
  2098 | D:2      | Noticed Robin
  2110 | D:2      | Killed Robin
  2488 | D:2      | Got the Secrets of the Salvo
  2510 | D:2      | Found a faded altar of an unknown god.
  2518 | D:2      | Prayed at the altar of an unknown god.
  2518 | D:2      | Became a worshipper of Warmaster Okawaru
  2518 | D:2      | Reached * piety under Okawaru
  2773 | D:3      | Reached skill level 1 in Poison Magic
  2948 | D:3      | Reached XP level 5. HP: 33/33 MP: 6/8
  2952 | D:3      | Noticed Terence
  2962 | D:3      | Killed Terence
  4121 | D:4      | Reached skill level 1 in Invocations
  4334 | D:4      | Noticed a black bear
  4377 | D:4      | Killed a black bear
  4378 | D:4      | Reached XP level 6. HP: 26/38 MP: 5/9
  5308 | D:4      | Demolished by an ogre

Illustrated notes

Levels and vault maps discovered:
D:1:      dpeg_arrival_snail, layout_basic, minmay_hedge_maze, st_stairs_9
D:2:      kennysheep_six_static_rooms, layout_rooms, basic_altar,
          shapermc_ecumenical_altar_acropolis, nrook_loot_triangle, uniq_robin
D:3:      layout_basic, minmay_puff, uniq_terence
D:4:      layout_basic

Skill      XL: |  1  2  3  4  5 |
---------------+----------------+-----
Transmutations | 3 4 |  4.4
Poison Magic   | 1 2 |  2.1
Dodging        | 3 |  3.4
Invocations    | 1 |  1.6
Unarmed Combat | 4 |  4.0
Fighting       | |  1.0
Spellcasting   | |  2.0

Action                   |  1- 3 |  4- 6 || total
-------------------------+-------+-------++-------
Melee: Unarmed           |    61 |   114 ||   175
       Constrict         |    12 |    22 ||    34
       Tentacles         |     9 |    24 ||    33
       Kick              |    12 |    33 ||    45
       Punch             |     1 |     7 ||     8
 Cast: Beastly Appendage |    15 |    26 ||    41
Invok: Heroism           |       |     2 ||     2
  Use: Scroll            |     1 |       ||     1
       Potion            |       |     1 ||     1
 Stab: Sleeping          |     6 |     6 ||    12
       Distracted        |       |     1 ||     1
Armor: Skin              |     9 |    14 ||    23
Dodge: Dodged            |    22 |    42 ||    64
